 Dungeon Crawl Stone Soup version 0.18-b1-10-g3f7de93 (webtiles) character file.

167 Keyn the Skirmisher (level 5, -2/42 HPs)
             Began as a Demonspawn Abyssal Knight on Apr 29, 2016.
             Was a Priest of Lugonu.
             Slain by a goblin
             ... wielding a +0 dagger
             ... led by Robin
              (3 damage)
             ... on level 4 of the Dungeon.
             The game lasted 00:10:59 (3559 turns).

Keyn the Skirmisher (Demonspawn Abyssal Knight)     Turns: 3559, Time: 00:11:01

Health: -2/42      AC:  6    Str: 20    XL:     5   Next: 23%
Magic:  7/7        EV: 12    Int: 13    God:    Lugonu [***...]
Gold:   176        SH:  0    Dex: 12    Spells: 0 memorised, 4 levels left

rFire  . . .     SeeInvis .     d - +2 mace (venom)
rCold  . . .     Gourm    .     b - +0 leather armour
rNeg   . . .     Faith    .     (no shield)
rPois  .         Spirit   .     (no helmet)
rElec  .         Dismiss  .     (no cloak)
rCorr  .         Reflect  .     (no gloves)
SustAt .         Harm     .     (no boots)
MR     .....                    (no amulet)
Stlth  +.........               (no ring)
                                g - +6 ring of strength

@: not resistant to hostile enchantments, very unstealthy
A: claws 1, slimy green scales 2
a: Depart the Abyss, Bend Space, Banish, Renounce Religion


You were on level 4 of the Dungeon.
You worshipped Lugonu.
Lugonu was most pleased with you.
You were not hungry.

You visited 1 branch of the dungeon, and saw 4 of its levels.
You visited the Abyss 1 time.

You collected 176 gold pieces.

Inventory:

Hand Weapons
 a - a +1 falchion
 d - a +2 mace of venom (weapon)
 f - a cursed -1 hunting sling
Armour
 b - a +0 leather armour (worn)
 h - a +0 chain mail
Jewellery
 g - a +6 ring of strength (left claw)
 o - a cursed ring of protection from magic
Scrolls
 e - a scroll of random uselessness
 i - 3 scrolls of identify
 l - a scroll of remove curse
Potions
 k - a potion of curing
 p - a potion of cure mutation
Books
 m - a book of Clouds

   Spells                             Type                      Level
   a - Mephitic Cloud                 Conjuration/Poison/Air       3
   b - Conjure Flame                  Conjuration/Fire             3
   c - Poisonous Cloud                Conjuration/Poison/Air       6
   d - Freezing Cloud                 Conjuration/Ice/Air          6
   e - Ring of Flames                 Charms/Fire                  7
Comestibles
 c - 3 bread rations


   Skills:
 + Level 3.7 Fighting
 + Level 2.5 Long Blades
 + Level 3.0 Armour
 + Level 2.0 Dodging
 + Level 3.7 Invocations


You had 4 spell levels left.
You didn't know any spells.

Dungeon Overview and Level Annotations

Branches:
Dungeon (4/15)
 Temple: D:4-7

Altars:
Nemelex Xobeh
Xom
Yredelemnul

Annotations:
D:4 Robin


Innate Abilities, Weirdness & Mutations

You have sharp fingernails.
You are mostly covered in slimy green scales (AC +3).


Message History

a dagger; a goblin corpse You completely miss the orc.
The orc hits you but does no damage. The goblin hits you but does no damage.
The orc priest mumbles some strange prayers to Beogh against you.
Beogh smites you!
* * * LOW HITPOINT WARNING * * *
You hit the orc but do no damage.
The orc is poisoned.
The orc misses you. The goblin hits you but does no damage.
The orc drinks a potion.
The orc is healed!
The orc looks more healthy.
The goblin hits you with a dagger.
* * * LOW HITPOINT WARNING * * *
You barely miss the orc. The orc barely misses you.
The goblin closely misses you.
You hit the orc.
The orc is poisoned.
The orc is heavily wounded.
The orc closely misses you. The goblin hits you with a dagger.
* * * LOW HITPOINT WARNING * * *
The orc priest calls upon Beogh to heal the orc.
The orc's wounds heal themselves!
The goblin hits you with a dagger.
You die... ###### #....g..# #.......# .......# ......# ...g. #.# goo

#.# #o# #.# #o# #.#
#@# #.#
#########g#.#####.#
#........g#.......#
#.........#######.###
#...................#
########..#########.#
#..# #....# #..#
#.#..# #..######.#..#


You could see Robin, an orc priest, 3 orcs, a hobgoblin and 2 goblins.

Vanquished Creatures
  An orc priest (D:3)
  3 gnolls (D:4)
  3 worms
  2 dart slugs (D:1)
  2 giant geckos
  6 orcs
  5 giant cockroaches
  18 goblins
  10 hobgoblins
  4 quokkas
  15 bats
  A giant gecko zombie (D:3)
  2 giant newts
  7 kobolds
  6 rats
85 creatures vanquished.

Notes
Turn   | Place    | Note
--------------------------------------------------------------
     0 | Abyss:1  | Keyn the Demonspawn Abyssal Knight began the quest for the Orb.
     0 | Abyss:1  | Reached XP level 1. HP: 18/18 MP: 2/2
     0 | Abyss:1  | Found a corrupted altar of Lugonu.
    34 | Abyss:1  | Noticed an iron imp
    42 | D:1      | Escaped the Abyss
    99 | D:1      | Reached * piety under Lugonu
   326 | D:1      | Gained mutation: You are partially covered in slimy green scales (AC +2). [demonic ancestry]
   326 | D:1      | Reached XP level 2. HP: 24/24 MP: 3/3
   533 | D:1      | Reached skill level 1 in Dodging
   592 | D:1      | Reached ** piety under Lugonu
   592 | D:1      | Gained mutation: You have sharp fingernails. [demonic ancestry]
   592 | D:1      | Reached XP level 3. HP: 20/29 MP: 5/5
   864 | D:2      | Found a shimmering altar of Xom.
   872 | D:2      | Found a sparkling altar of Nemelex Xobeh.
  2061 | D:3      | Reached XP level 4. HP: 33/35 MP: 6/6
  2145 | D:3      | Found a basalt altar of Yredelemnul.
  2543 | D:3      | Reached *** piety under Lugonu
  2931 | D:3      | Gained mutation: You are mostly covered in slimy green scales (AC +3). [demonic ancestry]
  2931 | D:3      | Reached XP level 5. HP: 18/42 MP: 7/7
  3531 | D:4      | Noticed Robin
  3559 | D:4      | HP: 1/42 [goblin/dagger[Robin] (4)]
  3559 | D:4      | Slain by a goblin

Skill      XL: |  1  2  3  4  5 |
---------------+----------------+-----
Armour         | 2 3 |  3.0
Dodging        | 1 2 |  2.0
Long Blades    | 2 |  2.5
Invocations    | 3 |  3.7
Fighting       | |  3.7

Action                   |  1- 3 |  4- 6 || total
-------------------------+-------+-------++-------
Melee: Falchion          |    80 |       ||    80
       Mace              |    75 |    90 ||   165
Invok: Depart the Abyss  |     1 |       ||     1
  Use: Scroll            |     6 |     4 ||    10
       Potion            |     3 |     2 ||     5
  Eat: Fruit             |     4 |       ||     4
       Meat ration       |       |     1 ||     1
       Bread ration      |       |     1 ||     1
Armor: Leather armour    |    67 |    35 ||   102
Dodge: Dodged            |   132 |    92 ||   224
